 Dungeon Crawl Stone Soup version 0.22.1-5-g62c59d919a (webtiles) character file.

938 Riddle the Shield-Bearer (level 8, 64/64 HPs)
             Began as a Formicid Fighter on Jan 13, 2019.
             Was a Follower of Uskayaw.
             Quit the game on level 5 of the Dungeon.
             The game lasted 00:06:07 (3477 turns).

Riddle the Shield-Bearer (Formicid Fighter)         Turns: 3477, Time: 00:06:08

Health: 64/64      AC: 13    Str: 24    XL:     8   Next: 34%
Magic:  8/8        EV:  6    Int:  5    God:    Uskayaw [*.....]
Gold:   539        SH: 10    Dex: 10    Spells: 7/7 levels left

rFire    . . .     SeeInvis +   d - +3 quarterstaff (chaos)
rCold    . . .     Gourm    .   c - +0 shield
rNeg     . . .     Faith    .   k - +0 plate armour
rPois    .         Spirit   +   (helmet unavailable)
rElec    .         Reflect  .   p - +0 cloak
rCorr    .         Harm     .   (no gloves)
MR       .....                  (no boots)
Stlth    ..........             b - amulet of guardian spirit
HPRegen  0.20/turn              i - -2 ring of intelligence (curse)
MPRegen  0.11/turn              (no ring)

@: no status effects
A: permanent stasis, dig shafts and tunnels, four strong arms, antennae 3
a: Dig, Shaft Self, Stomp, Renounce Religion


You were on level 5 of the Dungeon.
You worshipped Uskayaw.
Uskayaw was noncommittal.
You were not hungry.

You visited 1 branch of the dungeon, and saw 5 of its levels.

You collected 593 gold pieces.
You paid 54 gold pieces to Gozag.

Inventory:

Hand Weapons
 d - a +3 quarterstaff of chaos (weapon)
Armour
 c - a +0 shield (worn)
 k - a +0 plate armour (worn)
 p - a +0 cloak (worn)
Jewellery
 b - an amulet of guardian spirit (around neck)
 i - a cursed -2 ring of intelligence (left hand)
Wands
 t - a wand of random effects (21)
Scrolls
 a - 3 scrolls of teleportation {unknown}
 e - a scroll of enchant weapon {unknown}
 g - 8 scrolls of identify {unknown}
 h - 3 scrolls of fear {unknown}
 l - 2 scrolls of blinking {unknown}
 r - a scroll of immolation {unknown}
 s - a scroll of amnesia {unknown}
Potions
 j - 5 potions of brilliance {unknown}
 m - a potion of curing {unknown}
 n - a potion of flight {unknown}
 o - a potion of heal wounds {unknown}
 q - a potion of degeneration {unknown}
Comestibles
 f - 11 rations


   Skills:
 + Level 6.0 Fighting
 + Level 4.8 Staves
 + Level 5.9 Armour
 + Level 6.4 Shields


You had 7 spell levels left.
You didn't know any spells.
Your spell library was empty.

Dungeon Overview and Level Annotations

Branches:
Dungeon (5/15)
 Temple: D:4-7

Altars:
Gozag
Uskayaw

Annotations:
D:5 1 runed door


Innate Abilities, Weirdness & Mutations

You cannot be hasted, slowed, berserked, paralysed or teleported.
You can dig through walls and to a lower floor.
Your four strong arms can wield two-handed weapons with a shield.
You have a pair of large antennae on your head. (SInv)


Message History

You kill the jackal!
You can now stomp with the beat.
No target in view!
No target in view!
No target in view!
No target in view!
No target in view!
No target in view!
No target in view!
No target in view!
No target in view!
No target in view!
No target in view!
No target in view!
No target in view!
No target in view!
No target in view!
No target in view!
No target in view!
Are you sure you want to abandon this character and quit the game? (Confirm

# #.####.......)
###.####....... .....
###..#.#....... .....
###.#.#.# #. .#####....
# #..#.#.# #.......#
###.#.#.#.# +.......#
.....#.#.#.# #.......###
#.#.#.#.#.#.#+.).......#
.#.#.#.#.#.#.#..@†.....#
#.#.#.#.#.#.#.######...#
.#.#.#.#.#.#.#...# #
#.#.#.#.#.#.#+...#
.#.#.#.#.#.#.#...#
#.#.#.#.#.#.#....#
.#.#.#.#.#.#.#+###
#.#.#.#.#.#.#.......
.#.#.#.#.#.#+...)...


There were no monsters in sight!

Vanquished Creatures
  Edmund (D:4)
  An orc warrior (D:4)
  An ogre (D:4)
  A phantom (D:4)
  Blork the orc (D:4)
  2 hounds
  Crazy Yiuf (D:3)
  An orc priest (D:4)
  Jessica (D:2)
  Ijyb (D:5)
  Terence (D:3)
  2 orc wizards (D:4)
  A worker ant (D:4)
  7 gnolls (D:4)
  6 adders
  A shadow imp (D:5)
  An ooze (D:4)
  An adder skeleton (D:4)
  A worm (D:2)
  3 dart slugs
  2 leopard geckos
  10 orcs
  5 giant cockroaches
  4 goblins
  5 hobgoblins
  7 jackals
  5 quokkas
  10 bats
  4 frilled lizards
  3 kobolds
  A quokka skeleton (D:4)
  12 rats
103 creatures vanquished.

Notes
Turn   | Place    | Note
-------+----------+-------------------------------------------
     0 | D:1      | Riddle the Formicid Fighter began the quest for the Orb.
     0 | D:1      | Reached XP level 1. HP: 18/18 MP: 1/1
   217 | D:1      | Reached XP level 2. HP: 24/24 MP: 2/2
   577 | D:2      | Reached XP level 3. HP: 19/29 MP: 3/3
  1007 | D:2      | Reached XP level 4. HP: 33/37 MP: 4/4
  1264 | D:2      | Noticed Jessica
  1269 | D:2      | Killed Jessica
  1603 | D:3      | Reached XP level 5. HP: 41/42 MP: 3/5
  1665 | D:3      | Found an opulent altar of Gozag.
  1704 | D:3      | Became a worshipper of Gozag Ym Sagoz the Greedy
  1857 | D:3      | Found a runed door.
  1959 | D:3      | Noticed Crazy Yiuf
  1965 | D:3      | Killed Crazy Yiuf
  2116 | D:3      | Noticed Terence
  2121 | D:3      | Killed Terence
  2400 | D:3      | Reached XP level 6. HP: 49/49 MP: 6/6
  2531 | D:4      | Noticed a phantom
  2554 | D:4      | Killed a phantom
  2554 | D:4      | Reached skill level 5 in Shields
  2663 | D:4      | Reached XP level 7. HP: 55/55 MP: 5/7
  2666 | D:4      | Reached skill level 5 in Fighting
  2692 | D:4      | Reached skill level 5 in Armour
  2981 | D:4      | Noticed Blork the orc
  3006 | D:4      | Killed Blork the orc
  3062 | D:4      | Noticed Edmund
  3094 | D:4      | Killed Edmund
  3094 | D:4      | Reached XP level 8. HP: 49/63 MP: 8/8
  3364 | D:5      | Entered Level 5 of the Dungeon
  3364 | D:5      | Noticed Ijyb
  3376 | D:5      | Killed Ijyb
  3397 | D:5      | Found a hide-covered altar of Uskayaw.
  3421 | D:5      | Fell from the grace of Gozag
  3421 | D:5      | Became a worshipper of Uskayaw the Reveler
  3428 | D:5      | Found a runed door.
  3476 | D:5      | Reached * piety under Uskayaw
  3477 | D:5      | Quit the game

Skill      XL: |  1  2  3  4  5  6  7  8 |
---------------+-------------------------+-----
Shields        | 4 5 6 |  6.4
Fighting       | 4 5 6 |  6.0
Armour         | 4 5 |  5.9
Staves         | 3 4 |  4.8

Action                   |  1- 3 |  4- 6 |  7- 9 || total
-------------------------+-------+-------+-------++-------
Melee: Quarterstaff      |    70 |   138 |   121 ||   329
 Abil: Dig               |       |     2 |     1 ||     3
  Use: Potion            |       |     1 |       ||     1
  Eat: Chunk             |       |     3 |       ||     3
       Ration            |       |     1 |     1 ||     2
Armor: Scale mail        |     7 |       |       ||     7
       Plate armour      |    47 |    82 |    50 ||   179
Dodge: Dodged            |    11 |    21 |    22 ||    54
Block: Shield            |    36 |    70 |    57 ||   163
